Description

A kind of greedy build which opens with battlecruisers + battlemech, in this game its more than just 1, this is the mass bc style where you plan to snowball with your ever growing amount of bcs.

This is a good build to use on easy 3 base maps like for example thundercruise or (priorly) backwater swamp

The Analysis might not be the tightest and I appriciate general feedback

Read Analysis

VOD

https://www.youtube.com/watch?v=sI7WpIDFILI

Replay - Serral v Special: Game 1 - Year Zero LE

Build Order

Get SALT Encoding   

  12  0:00  SCV  
  13  0:13  SCV  
  14  0:18  Supply Depot  
  14  0:25  SCV  
  15  0:40  SCV  
  15  0:41  Barracks  
  16  0:46  Refinery  
  16  0:52  SCV  
  17  1:04  SCV  
  18  1:16  SCV  
  19  1:28  Reaper  
  19  1:29  Orbital Command  
  20  1:41  Command Center  
  20  1:51  Supply Depot  
  20  1:54  SCV  
  20  2:00  Marine  
  22  2:06  Factory  
  22  2:09  SCV  
  23  2:21  SCV  
  24  2:24  Barracks Reactor  
  25  2:40  Command Center  
  25  2:49  Refinery  
  26  2:54  Orbital Command  
  26  3:05  Starport  
  27  3:12  Marine x2  
  32  3:30  Marine x2  
  36  3:43  Starport Tech Lab  
  36  3:45  Fusion Core  
  37  3:53  Orbital Command  
  38  4:00  Hellion x2  
  44  4:11  Refinery x2  
  46  4:22  Hellion x2  
  53  4:31  Supply Depot  
  53  4:38  Battlecruiser  
  61  4:51  Weapon Refit  
  61  4:56  Hellion x2  
  91  6:03  Barracks Tech Lab  
  92  6:05  Factory x2  
  98  6:30  Refinery x2  
  104  6:38  Barracks Tech Lab  
  117  7:14  Mag-Field Accelerator  
  117  7:15  Infernal Pre-Igniter  
  136  7:35  Factory x2  
  136  7:36  Armory x2  
  136  7:42  Engineering Bay  
Spawning Tool Build Advisor. Get it on Overwolf

Analysis

Remember that because this is a greedy-ish opener you can die to specfic all ins which is something you should be scouting for.

Please note that just because in the particular game Special went with the mass bc style doesnt mean you can't do something else and that you shouldnt get yamato if you dont want to make more than 1 bc

Like for example:

  • veichle instead of ship weapons and going into normal mech off a few cyclones (Cyclones are vital since you else lack muta or corrupter anti air)

or

  • adding on thors for anti broodlord with the battle mech

or

  • going for the lib range battle mech style

really, its up to you what you want to do

Go to:

Details

  • Created by: Lukebomber     
  • Published on: Aug 14, 2019
  • Modified on: Aug 16, 2019
  • Patch: 4.7.1
Show
View Real Time Build Order
Export as new Build Order

Comments (0)

There are no comments. Be the first!

Create an account to comment!